TOP OF THE 1ST |
Louisiana State University Tigers batting - Pitching for University of Conneticut Huskies : LHP Bill Leavy
|
Pitching: LHP Bill Leavy
|
|
Batting: RHB Roku Miyahara
|
0-0: SINGLE (Flyball, 89S, EV 95.0 MPH)
|
Batting: RHB Ryan West
|
0-0: Ball Roku Miyahara is caught stealing 2nd base 2-4 1-0: Foul Ball, location: 2F 1-1: Foul Ball, location: 2F 1-2: Reached on error, E6 (Groundball, P, EV 85.0 MPH)
|
Batting: LHB Todd Saunders
|
0-0: Called Strike 0-1: Swinging Strike 0-2: Strikes out swinging
|
Batting: RHB Stewart Walker
|
0-0: Called Strike 0-1: DOUBLE (Line Drive, 5D, EV 93.8 MPH) Ryan West scores
|
Batting: LHB Oscar Rivera
|
0-0: Foul Ball, location: 2F 0-1: Fly out, F9 (Flyball, 9D, EV 97.5 MPH)
|
Top of the 1st over - 1 run, 2 hits, 1 error, 1 left on base; Louisiana State University 1 - University of Conneticut 0 |
BOTTOM OF THE 1ST |
University of Conneticut Huskies batting - Pitching for Louisiana State University Tigers : LHP Nate Dawn
|
Pitching: LHP Nate Dawn
|
|
Batting: RHB Jai De san miguel
|
0-0: Ball 1-0: Ball 2-0: Called Strike 2-1: Ball 3-1: Foul Ball, location: 2F 3-2: Strikes out looking
|
Batting: RHB Jordan Nicholas
|
0-0: Called Strike 0-1: Ground out 6-3 (Groundball, 6, EV 84.4 MPH)
|
Batting: RHB Roku Kawano
|
0-0: Foul Ball, location: 2F 0-1: Foul Ball, location: 2F 0-2: Ball 1-2: Foul Ball, location: 2F 1-2: Ball 2-2: Foul Ball, location: 2F 2-2: Fly out, F8 (Flyball, 8RM, EV 95.0 MPH)
|
Bottom of the 1st over - 0 runs, 0 hits, 0 errors, 0 left on base; Louisiana State University 1 - University of Conneticut 0 |
TOP OF THE 2ND |
Louisiana State University Tigers batting - Pitching for University of Conneticut Huskies : LHP Bill Leavy
|
Batting: RHB Keith Ashton
|
0-0: Called Strike 0-1: Ball 1-1: Fly out, F9 (Flyball, 89M, EV 83.8 MPH)
|
Batting: LHB Matt Ellington
|
0-0: Called Strike 0-1: Called Strike 0-2: Ball 1-2: Foul Ball, location: 2F 1-2: Strikes out swinging
|
Batting: SHB Marshall Miller
|
0-0: Called Strike 0-1: Hit by Pitch
|
Batting: RHB Dave Fell
|
0-0: Foul Ball, location: 2F 0-1: Called Strike 0-2: Ball 1-2: Ball 2-2: Foul Ball, location: 2F 2-2: Fly out, F9 (Flyball, 9LM, EV 85.6 MPH)
|
Top of the 2nd over - 0 runs, 0 hits, 0 errors, 1 left on base; Louisiana State University 1 - University of Conneticut 0 |
BOTTOM OF THE 2ND |
University of Conneticut Huskies batting - Pitching for Louisiana State University Tigers : LHP Nate Dawn
|
Batting: LHB Greg James
|
0-0: Called Strike 0-1: SINGLE (Line Drive, 6MD, EV 99.4 MPH)
|
Batting: RHB Victor Ramos
|
0-0: Ball 1-0: Foul Ball, location: 2F 1-1: Ball 2-1: Called Strike 2-2: Strikes out swinging
|
Batting: LHB Jonathan Sica
|
0-0: Ball Greg James is caught stealing 2nd base 2-6 1-0: Ball 2-0: Called Strike 2-1: Ball 3-1: Called Strike 3-2: SINGLE (Line Drive, 8LS, EV 103.1 MPH)
|
Batting: RHB Charlie Slayback
|
0-0: Called Strike 0-1: Ball Wild Pitch! Jonathan Sica to second 1-1: Swinging Strike 1-2: Ball 2-2: Ball 3-2: Base on Balls
|
Batting: LHB Omar Alba
|
0-0: Foul Ball, location: 2F 0-1: Ball 1-1: Ball 2-1: Foul Ball, location: 2F 2-2: Ball 3-2: Strikes out swinging
|
Bottom of the 2nd over - 0 runs, 2 hits, 0 errors, 2 left on base; Louisiana State University 1 - University of Conneticut 0 |
TOP OF THE 3RD |
Louisiana State University Tigers batting - Pitching for University of Conneticut Huskies : LHP Bill Leavy
|
Batting: RHB Roku Miyahara
|
0-0: Bunt for hit to 2L - play at first, batter safe!
|
Batting: RHB Ryan West
|
0-0: Called Strike 0-1: Ball 1-1: SINGLE (Groundball, 6MD, EV 107.5 MPH) Roku Miyahara to second
|
Batting: LHB Todd Saunders
|
0-0: Foul Ball, location: 2F 0-1: Ball 1-1: Swinging Strike 1-2: Fly out, F7 (Flyball, 7D, EV 93.1 MPH) Runner from 2nd tags up, OUT at 3rd! 7-5
|
Batting: RHB Stewart Walker
|
0-0: Ball 1-0: Ball 2-0: Called Strike 2-1: Ball 3-1: Fly out, F7 (Flyball, 78S, EV 78.8 MPH)
|
Top of the 3rd over - 0 runs, 2 hits, 0 errors, 1 left on base; Louisiana State University 1 - University of Conneticut 0 |
BOTTOM OF THE 3RD |
University of Conneticut Huskies batting - Pitching for Louisiana State University Tigers : LHP Nate Dawn
|
Batting: LHB Chris Grayson
|
0-0: Ball 1-0: Fly out, F7 (Flyball, 7, EV 90.6 MPH)
|
Batting: RHB Jai De san miguel
|
0-0: Ball 1-0: Swinging Strike 1-1: Foul Ball, location: 2F 1-2: Foul Ball, location: 2F 1-2: Strikes out swinging
|
Batting: RHB Jordan Nicholas
|
0-0: Ball 1-0: Fly out, F9 (Flyball, 89S, EV 95.0 MPH)
|
Bottom of the 3rd over - 0 runs, 0 hits, 0 errors, 0 left on base; Louisiana State University 1 - University of Conneticut 0 |
TOP OF THE 4TH |
Louisiana State University Tigers batting - Pitching for University of Conneticut Huskies : LHP Bill Leavy
|
Batting: LHB Oscar Rivera
|
0-0: Ball 1-0: Called Strike 1-1: Ball 2-1: Called Strike 2-2: Fly out, F7 (Flyball, 7D, EV 104.4 MPH)
|
Batting: RHB Keith Ashton
|
0-0: Ball 1-0: Ball 2-0: Called Strike 2-1: Fly out, F4 (Popup, 13, EV 86.9 MPH)
|
Batting: LHB Matt Ellington
|
0-0: Ball 1-0: Ball 2-0: Ball 3-0: Called Strike 3-1: Base on Balls
|
Batting: SHB Marshall Miller
|
0-0: Called Strike 0-1: Ball 1-1: Ball 2-1: Swinging Strike 2-2: Foul Ball, location: 2F 2-2: Strikes out looking
|
Top of the 4th over - 0 runs, 0 hits, 0 errors, 1 left on base; Louisiana State University 1 - University of Conneticut 0 |
BOTTOM OF THE 4TH |
University of Conneticut Huskies batting - Pitching for Louisiana State University Tigers : LHP Nate Dawn
|
Batting: RHB Roku Kawano
|
0-0: Ball 1-0: Foul Ball, location: 2F 1-1: Ball 2-1: Ball 3-1: Base on Balls
|
Batting: LHB Greg James
|
Pickoff Throw to First - Out! 1-3 CS 0-0: Ground out 6-3 (Groundball, 6, EV 86.9 MPH)
|
Batting: RHB Victor Ramos
|
0-0: Ball 1-0: Foul Ball, location: 2F 1-1: Foul Ball, location: 2F 1-2: Strikes out swinging
|
Bottom of the 4th over - 0 runs, 0 hits, 0 errors, 0 left on base; Louisiana State University 1 - University of Conneticut 0 |
TOP OF THE 5TH |
Louisiana State University Tigers batting - Pitching for University of Conneticut Huskies : LHP Bill Leavy
|
Pitching: RHP Phil Hilton
|
|
Now at C: Ju-yi Huang
|
|
Now in RF: Matt Reed
|
|
Batting: RHB Dave Fell
|
0-0: Swinging Strike 0-1: Ball 1-1: Foul Ball, location: 2F 1-2: Ground out 6-3 (Groundball, 6M, EV 103.8 MPH)
|
Pinch Hitting: RHB Tyler Lackie
|
0-0: Called Strike 0-1: Foul Ball, location: 2F 0-2: Strikes out swinging
|
Batting: RHB Ryan West
|
0-0: Ball 1-0: Ground out 5-3 (Groundball, 56, EV 103.1 MPH)
|
Top of the 5th over - 0 runs, 0 hits, 0 errors, 0 left on base; Louisiana State University 1 - University of Conneticut 0 |
BOTTOM OF THE 5TH |
University of Conneticut Huskies batting - Pitching for Louisiana State University Tigers : LHP Nate Dawn
|
Now at 1B: David Olivarez
|
|
Now at 2B: Byung-hee Jee
|
|
Now at SS: Steve McCoig
|
|
Now in RF: Elvin Ruffolo
|
|
Batting: LHB Jonathan Sica
|
0-0: Called Strike 0-1: Swinging Strike 0-2: Ball 1-2: Strikes out looking
|
Batting: RHB Charlie Slayback
|
0-0: Called Strike 0-1: Foul Ball, location: 2F 0-2: Ball 1-2: Ball 2-2: Strikes out swinging
|
Batting: LHB Omar Alba
|
0-0: Ball 1-0: Ball 2-0: TRIPLE (Flyball, 7LD, EV 100.0 MPH)
|
Batting: LHB Chris Grayson
|
0-0: Called Strike 0-1: Foul Ball, location: 2F 0-2: TRIPLE (Flyball, 78XD, EV 96.2 MPH) Omar Alba scores
|
Pitching: RHP Isaiah Keys
|
|
Batting: RHB Jai De san miguel
|
0-0: Ball 1-0: Foul Ball, location: 2F 1-1: Fly out, F9 (Flyball, 9LM, EV 96.9 MPH)
|
Bottom of the 5th over - 1 run, 2 hits, 0 errors, 1 left on base; Louisiana State University 1 - University of Conneticut 1 |
TOP OF THE 6TH |
Louisiana State University Tigers batting - Pitching for University of Conneticut Huskies : RHP Phil Hilton
|
Now at 1B: Lee Wilbur
|
|
Now in LF: Bertil Ivens
|
|
Batting: LHB Manny Grado
|
0-0: Ball 1-0: Ground out U3 (Groundball, 34S, EV 63.8 MPH)
|
Batting: RHB David Olivarez
|
0-0: Ground out 1-3 (Groundball, 23, EV 70.0 MPH)
|
Pinch Hitting: SHB Brian Caruso
|
0-0: Ball 1-0: Ball 2-0: Swinging Strike 2-1: Called Strike 2-2: Strikes out swinging
|
Top of the 6th over - 0 runs, 0 hits, 0 errors, 0 left on base; Louisiana State University 1 - University of Conneticut 1 |
BOTTOM OF THE 6TH |
University of Conneticut Huskies batting - Pitching for Louisiana State University Tigers : RHP Isaiah Keys
|
Pitching: RHP Jeremy Kolb
|
|
Now in LF: Matt Grant
|
|
Now in CF: Carsten Obenauer
|
|
Batting: RHB Jordan Nicholas
|
0-0: Ball 1-0: Ball 2-0: Foul Ball, location: 2F 2-1: Ball 3-1: Swinging Strike 3-2: Foul Ball, location: 2F 3-2: Base on Balls
|
Batting: LHB Matt Reed
|
|
Pinch Hitting: RHB Hector Guerra
|
0-0: Ball 1-0: Ball Jordan Nicholas is caught stealing 2nd base 2-4 2-0: Ball 3-0: Called Strike 3-1: Reached on error, E5 (Groundball, 56S, EV 82.5 MPH)
|
Batting: RHB Ju-yi Huang
|
0-0: Swinging Strike 0-1: Fly out, F8 (Flyball, 8RD, EV 100.0 MPH)
|
Batting: RHB Victor Ramos
|
0-0: Ball 1-0: SINGLE (Flyball, 8LS, EV 93.8 MPH) Hector Guerra to third
|
Batting: RHB Lee Wilbur
|
0-0: Called Strike Victor Ramos steals 2nd base (no throw) 0-1: Ball 1-1: SINGLE (Groundball, 6MD, EV 104.4 MPH) Hector Guerra scores Victor Ramos to third
|
Batting: LHB Marvin Lopez
|
0-0: Called Strike 0-1: Foul Ball, location: 2F 0-2: Ball 1-2: Ball 2-2: Foul Ball, location: 2F 2-2: Foul Ball, location: 2F 2-2: Foul Ball, location: 2F 2-2: Ground out 6-3 (Groundball, 6S, EV 66.2 MPH)
|
Bottom of the 6th over - 1 run, 2 hits, 1 error, 2 left on base; Louisiana State University 1 - University of Conneticut 2 |
TOP OF THE 7TH |
Louisiana State University Tigers batting - Pitching for University of Conneticut Huskies : RHP Phil Hilton
|
Pitching: RHP Leo Cartwright
|
|
Now in RF: Noel Mcnatty
|
|
Pinch Hitting: RHB Wes Laurendeau
|
0-0: Called Strike 0-1: SINGLE (Line Drive, 9S, EV 90.0 MPH)
|
Batting: LHB Matt Ellington
|
0-0: Called Strike 0-1: Ball 1-1: Fly out, F9 (Flyball, 89XD, EV 99.4 MPH)
|
Pinch Hitting: RHB Bernie Benavides
|
0-0: Foul Ball, location: 2F 0-1: Ball 1-1: Ball 2-1: Called Strike Wes Laurendeau steals 2nd base 2-2: Ball 3-2: Foul Ball, location: 2F 3-2: Foul Ball, location: 2F 3-2: Strikes out looking
|
Pinch Hitting: RHB Bobby Hanson
|
0-0: Fly out, F7 (Flyball, 78M, EV 84.4 MPH)
|
Top of the 7th over - 0 runs, 1 hit, 0 errors, 1 left on base; Louisiana State University 1 - University of Conneticut 2 |
BOTTOM OF THE 7TH |
University of Conneticut Huskies batting - Pitching for Louisiana State University Tigers : RHP Jeremy Kolb
|
Pitching: RHP Sal Ganzalez
|
|
Now at C: Stone Fraser
|
|
Now at 2B: Michael Maier
|
|
Now at 3B: Bernie Benavides
|
|
Now in LF: Earl Silver
|
|
Batting: LHB Omar Alba
|
0-0: Called Strike 0-1: Ball 1-1: Foul Ball, location: 2F 1-2: Ball 2-2: Fly out, F9 (Flyball, 9LMF, EV 82.5 MPH)
|
Batting: LHB Bertil Ivens
|
0-0: Ground out 4-3 (Groundball, 4, EV 81.9 MPH)
|
Batting: RHB Jai De san miguel
|
0-0: Called Strike 0-1: Swinging Strike 0-2: Ball 1-2: Ground out 5-3 (Groundball, 56S, EV 81.9 MPH)
|
Bottom of the 7th over - 0 runs, 0 hits, 0 errors, 0 left on base; Louisiana State University 1 - University of Conneticut 2 |
TOP OF THE 8TH |
Louisiana State University Tigers batting - Pitching for University of Conneticut Huskies : RHP Leo Cartwright
|
Pitching: RHP Gilberto Herrero
|
|
Pinch Hitting: LHB Jon Valdez
|
0-0: DOUBLE (Line Drive, 9LS, EV 111.9 MPH)
|
Batting: RHB Steve McCoig
|
0-0: Called Strike 0-1: Ball 1-1: Called Strike 1-2: Strikes out swinging
|
Pitching: LHP Jesus Cordero
|
|
Batting: LHB Manny Grado
|
0-0: Called Strike 0-1: Swinging Strike 0-2: Strikes out swinging
|
Batting: RHB David Olivarez
|
0-0: Called Strike 0-1: Ball 1-1: Called Strike 1-2: Ball 2-2: Strikes out looking
|
Top of the 8th over - 0 runs, 1 hit, 0 errors, 1 left on base; Louisiana State University 1 - University of Conneticut 2 |
BOTTOM OF THE 8TH |
University of Conneticut Huskies batting - Pitching for Louisiana State University Tigers : RHP Sal Ganzalez
|
Now in RF: Zachary Acker
|
|
Batting: RHB Jordan Nicholas
|
0-0: Called Strike 0-1: SINGLE (Line Drive, 9S, EV 89.4 MPH)
|
Batting: LHB Noel Mcnatty
|
0-0: Ball 1-0: Ball 2-0: Swinging Strike 2-1: Ball Jordan Nicholas is caught stealing 2nd base 2-6 3-1: Base on Balls
|
Batting: RHB Ju-yi Huang
|
0-0: Called Strike 0-1: Ball 1-1: Grounds into double play, 5-4-3 (Groundball, 56, EV 82.5 MPH)
|
Bottom of the 8th over - 0 runs, 1 hit, 0 errors, 0 left on base; Louisiana State University 1 - University of Conneticut 2 |
TOP OF THE 9TH |
Louisiana State University Tigers batting - Pitching for University of Conneticut Huskies : LHP Jesus Cordero
|
Pitching: RHP Jordan Watkins
|
|
Pinch Hitting: SHB Paul Blaylock
|
0-0: Called Strike 0-1: Ball 1-1: Swinging Strike 1-2: Strikes out swinging
|
Batting: LHB Earl Silver
|
0-0: Called Strike 0-1: Foul Ball, location: 2F 0-2: Strikes out swinging
|
Pinch Hitting: SHB Graham Beamish
|
0-0: Ball 1-0: Foul Ball, location: 2F 1-1: Called Strike 1-2: Ball 2-2: Strikes out swinging
|
Top of the 9th over - 0 runs, 0 hits, 0 errors, 0 left on base; Louisiana State University 1 - University of Conneticut 2 |
|